 Dungeon Crawl Stone Soup version 0.29.1-12-g30fa7ad0bf (webtiles) character file.

Game seed: 11503467387325061510

50 mopl the Sneak (level 3, 0/24 HPs)
             Began as an Octopode Brigand on Dec 29, 2022.
             Slain by an endoplasm (1 damage)
             ... on level 2 of the Dungeon.
             The game lasted 00:00:53 (845 turns).

mopl the Sneak (Octopode Brigand)                    Turns: 845, Time: 00:00:54

Health: 0/24       AC:  1    Str: 10    XL:     3   Next: 79%
Magic:  3/3        EV: 13    Int: 15    God:
Gold:   48         SH:  0    Dex: 13    Spells: 2/2 levels left

rFire   . . .      SeeInvis .   a - +2 dagger
rCold   . . .      Faith    .   (no shield)
rNeg    . . .      Spirit   .   (helmet restricted)
rPois   +          Reflect  .   (no amulet)
rElec   .          Harm     .   g - ring of poison resistance
rCorr   .          Rampage  .   (no ring)
Will    .....                   (no ring)
Stlth   ++++......              (no ring)
HPRegen 0.08/turn               (no ring)
MPRegen 0.08/turn               (no ring)
                                (no ring)
                                (no ring)

@: no status effects
A: almost no armour, amphibious, 8 rings, camouflage 1, gelatinous body 1,
(nimble swimmer 1), tentacles
a: no special abilities


You were on level 2 of the Dungeon.
You visited 1 branch of the dungeon, and saw 2 of its levels.

You collected 48 gold pieces.

Inventory:

Hand Weapons
 a - a +2 dagger (weapon)
Missiles
 b - 9 poisoned darts (quivered)
 c - 3 curare-tipped darts
Magical Staves
 i - a staff of poison
Jewellery
 g - a ring of poison resistance (left tentacle)
Scrolls
 d - a scroll of fear {unknown}
 f - 2 scrolls of teleportation {unknown}
 h - a scroll of poison {unknown}
Potions
 e - a potion of magic {unknown}


   Skills:
 - Level 2.0 Fighting
 + Level 2.6 Short Blades
 + Level 2.5 Throwing
 + Level 1.9 Dodging
 + Level 5.9 Stealth


You had 2 spell levels left.
You didn't know any spells.
Your spell library was empty.

Dungeon Overview and Level Annotations

Branches:
Dungeon (2/15)

Altars:


Innate Abilities, Weirdness & Mutations

You cannot wear most types of armour.
You are amphibious.
You can wear up to eight rings at the same time.
Your skin changes colour to match your surroundings (Stealth+).
Your rubbery body absorbs attacks. (AC +1, EV +1)
((You are camouflaged when in or above water. (Stealth+)))
You have tentacles for arms and can constrict up to eight enemies at once.


Message History

No target in view!
No target in view!
A bat comes into view.
You see here a staff of poison.
i - a staff of poison The helpless bat fails to defend itself.
You impale the bat!!
You kill the bat!
No target in view!
An endoplasm and an adder come into view.
There is a stone staircase leading down here.
A frilled lizard comes into view.
A frilled lizard comes into view.
Found a stone staircase leading up.
The endoplasm quivers.
Found 13 gold pieces.
The frilled lizard hisses angrily. x2; The adder hisses angrily.
You miss the adder. You grab the adder. You constrict the adder.
The adder bites you.
You completely miss the adder. You squeeze the adder!
The adder is almost dead.
You constrict the adder.
You kill the adder!
The endoplasm freezes you.
You are frozen.
The frilled lizard barely misses you.
You are too injured to fight recklessly!
You are too injured to fight recklessly!
You are too injured to fight recklessly!
The frilled lizard attacks as you move away!
The frilled lizard barely misses you.
The frilled lizard attacks as you move away!
The frilled lizard bites you. The endoplasm freezes you.
You are frozen.
* * * LOW HITPOINT WARNING * * *
The endoplasm attacks as you move away! The endoplasm barely misses you.
The endoplasm attacks as you move away! The endoplasm hits you.
* * * LOW HITPOINT WARNING * * *
The endoplasm attacks as you move away! The endoplasm hits you.
You die...

#............. ..........#
#.........##.# #.........#
#.....†....#.# #.........#
##..........#.###...†....$#
..........................#
.......##.......l.#....####
.......##.......l.#........
.......##....>..J.#....####
.......##....#.#@......#
.......##....#.#.#.##.##
.......##....#...#.# .#
.......##....###.#.. ..
.......##.†..# #.....
#########....# #####.
#....# .. #....# ######


You could see an endoplasm and 2 frilled lizards.

Vanquished Creatures
  2 adders (D:2)
  A worm (D:2)
  A dart slug (D:1)
  4 ball pythons
  2 endoplasms
  A giant cockroach (D:1)
  4 goblins (D:1)
  4 jackals (D:1)
  2 kobolds (D:1)
  A quokka (D:2)
  A bat (D:2)
  A frilled lizard (D:1)
  A rat (D:1)
25 creatures vanquished.

Notes
Turn   | Place    | Note
-------+----------+-------------------------------------------
     0 | D:1      | mopl the Octopode Brigand began the quest for the Orb.
     0 | D:1      | Reached XP level 1. HP: 14/14 MP: 1/1
   168 | D:1      | Reached XP level 2. HP: 19/19 MP: 2/2
   688 | D:1      | Reached XP level 3. HP: 24/24 MP: 3/3
   843 | D:2      | HP: 1/24 [endoplasm (3)]
   845 | D:2      | Slain by an endoplasm

Illustrated notes

Levels and vault maps discovered:
D:1:      dpeg_arrival_shelter, layout_basic
D:2:      layout_basic, basic_ecumenical_altar

Action                   || total
-------------------------++-------
Melee: Dagger            ||    38
       Tentacles         ||    10
       Constrict         ||    12
 Stab: Sleeping          ||     7
Armor: Skin              ||     2
Dodge: Dodged            ||    23
